 Dungeon Crawl Stone Soup version 0.27-a0-421-g7ddf969dea (webtiles) character file.

Game seed: 5900460373686768032

9 Anon1729 the Gusty (level 1, 0/14 HPs)
             Began as a Demigod Air Elementalist on Feb 26, 2021.
             Slain by a jackal (3 damage)
             ... on level 1 of the Dungeon.
             The game lasted 00:00:22 (309 turns).

Anon1729 the Gusty (Demigod Air Elementalist)        Turns: 309, Time: 00:00:23

Health: 0/14       AC:  2    Str:  9    XL:     1   Next: 93%
Magic:  5/5        EV: 12    Int: 17    God:
Gold:   36         SH:  0    Dex: 14    Spells: 2/3 levels left

rFire    . . .     SeeInvis .   d - +0 short sword (flame)
rCold    . . .     Faith    .   (no shield)
rNeg     . . .     Spirit   .   a - +0 robe
rPois    .         Reflect  .   (no helmet)
rElec    .         Harm     .   (no cloak)
rCorr    .         Rampage  .   (no gloves)
Will     .....                  (no boots)
Stlth    ++........             (no amulet)
HPRegen  0.04/turn              (no ring)
MPRegen  0.09/turn              (no ring)

@: no status effects
A: high mp 1
a: no special abilities


You were on level 1 of the Dungeon.
You visited 1 branch of the dungeon, and saw 1 of its levels.

You collected 36 gold pieces.

Inventory:

Hand Weapons
 d - a +0 short sword of flaming (weapon)
Armour
 a - a +0 robe (worn)
Scrolls
 b - a scroll of identify {unknown}
 c - a scroll of random uselessness {unknown}


   Skills:
 + Level 1.9 Dodging
 + Level 1.7 Stealth
 + Level 1.9 Spellcasting
 + Level 1.1 Conjurations
 + Level 2.9 Air Magic


You had 2 spell levels left.
You knew the following spells:

 Your Spells              Type           Power        Failure   Level
a - Shock                 Conj/Air       32%          9%          1

Your spell library contained the following spells:

 Spells                   Type           Power        Failure   Level
 Swiftness                Air            11%          9%          2
 Static Discharge         Conj/Air       8%           26%         3
 Airstrike                Air            5%           50%         4
 Lightning Bolt           Conj/Air       4%           93%         5


Dungeon Overview and Level Annotations

Branches:
Dungeon (1/15)


Innate Abilities, Weirdness & Mutations

You have an increased reservoir of magic. (+10% MP)


Message History

Found 6 gold pieces and a scroll labelled ZATAEM SOMA.
The giant cockroach barely misses you.
You hit the giant cockroach but do no damage.
The giant cockroach closely misses you. The giant cockroach misses you.
You closely miss the giant cockroach. The giant cockroach closely misses you.
You closely miss the giant cockroach. The giant cockroach closely misses you.
You hit the giant cockroach. You burn the giant cockroach.
The giant cockroach is heavily wounded.
The giant cockroach closely misses you. x2
You hit the giant cockroach. You burn the giant cockroach.
You kill the giant cockroach!
A jackal comes into view.
The jackal barks!
You hear a bark!
A jackal comes into view. x2
The jackal barks!
Found 19 stones.
A frilled lizard comes into view.
The jackal barks!
The frilled lizard hisses angrily.
The jackal misses you.
You closely miss the jackal. The jackal barely misses you.
The jackal closely misses you.
You closely miss the jackal.
The jackal bites you but does no damage.
The jackal barely misses you. x2
The jackal bites you but does no damage.
The jackal closely misses you. The jackal misses you. The jackal bites you.
You barely miss the jackal. The jackal barely misses you.
The jackal bites you but does no damage.
The jackal barely misses you. The jackal closely misses you.
The frilled lizard bites you. The jackal bites you.
You hit the jackal. You burn the jackal.
You kill the jackal!
The jackal bites you. The jackal completely misses you.
The jackal barely misses you. The frilled lizard closely misses you.
The jackal barely misses you. The jackal bites you.
The jackal closely misses you.
You miss the jackal.
The jackal bites you. x2; The frilled lizard bites you.
* * * LOW HITPOINT WARNING * * *
The jackal bites you.
You die...

..........# ..........#
(........#### ........
.. ### #..... .#
....#?...###.####
.......hl........
......h@...$#####
......h.........##
......$..........#
....########.....#
....########....[# ..
.?.......†.#.##
######################.#
#
.......................#
....####################


You could see 3 jackals and a frilled lizard.

Vanquished Creatures
  A leopard gecko (D:1)
  2 giant cockroaches (D:1)
  A hobgoblin (D:1)
  A jackal (D:1)
  2 bats (D:1)
  A kobold (D:1)
8 creatures vanquished.

Notes
Turn   | Place    | Note
-------+----------+-------------------------------------------
     0 | D:1      | Anon1729 the Demigod Air Elementalist began the quest for
                  | the Orb.
     0 | D:1      | Reached XP level 1. HP: 14/14 MP: 5/5
    92 | D:1      | Reached skill level 1 in Conjurations
   309 | D:1      | Slain by a jackal

Illustrated notes

Levels and vault maps discovered:
D:1:      erik_arrival_cave_to_civilisation [erik_arrival_cave_to_temple],
          layout_basic, hangedman_decor_growths, minmay_worlds_worst_comb

Skill      XL: |  1 |
---------------+----+-----
Conjurations   | 1 |  1.1
Dodging        | |  1.9
Stealth        | |  1.7
Spellcasting   | |  1.9
Air Magic      | |  2.9

Action                   || total
-------------------------++-------
Melee: Short sword       ||    14
 Cast: Shock             ||    15
Armor: Robe              ||     3
Dodge: Dodged            ||    26

Table legend: (Time is in decaauts)
 A = Elapsed time spent in this place.
 B = Non-inter-level travel time spent in this place.
 C = Inter-level travel time spent in this place.
 D = Time resting spent in this place.
 E = Time spent auto-exploring this place.
 F = Levels seen in this place.
 G = Mean time per level.
                   A        B        C        D        E       F      G
               +--------+--------+--------+--------+--------+-----+--------+
         Total |    309 |    309 |      0 |      0 |    256 |   1 |  309.0 |
       Dungeon |    309 |    309 |      0 |      0 |    256 |   1 |  309.0 |
               +--------+--------+--------+--------+--------+-----+--------+

Top non-repeatable levels by time:
     D:1: 309 daAuts
